 Dungeon Crawl Stone Soup version 0.30.2 (webtiles) character file.

Game seed: 15184355749319166986

46 porpoise the Poker (level 3, 28/28 HPs)
             Began as a Demonspawn Gladiator on Feb 17, 2024.
             Was a Follower of Lugonu.
             Quit the game on level 2 of the Dungeon.
             The game lasted 00:03:28 (1270 turns).

porpoise the Poker (Demonspawn Gladiator)           Turns: 1270, Time: 00:03:28

Health: 28/28      AC:  6    Str: 16    XL:     3   Next: 46%
Magic:  3/3        EV: 11    Int: 11    God:    Lugonu [*.....]
Gold:   52         SH:  3    Dex: 14    Spells: 2/2 levels left

rFire   . . .        a - +0 trident
rCold   . . .        j - +0 buckler
rNeg    . . .        f - +0 ring mail
rPois   .            (helmet restricted)
rElec   .            (no cloak)
rCorr   .            n - +0 pair of gloves
SInv    .            (no boots)
Will    .....        (no amulet)
Stlth   +            (no ring)
HPRegen 0.24/turn    (no ring)
MPRegen 0.08/turn

%: no passive effects
@: no status effects
A: horns 1, big brain 1
a: Renounce Religion, Depart the Abyss


You were on level 2 of the Dungeon.
You worshipped Lugonu.
Lugonu was aware of your devotion.
You visited 1 branch of the dungeon, and saw 2 of its levels.

You collected 52 gold pieces.

Inventory:

Hand Weapons
 a - a +0 trident (weapon)
 b - a +1 dagger of venom
 l - a +0 short sword of draining
Missiles
 d - 3 throwing nets (quivered)
 e - a javelin
 o - 6 boomerangs
Armour
 f - a +0 ring mail (worn)
 j - a +0 buckler (worn)
 n - a +0 pair of gloves (worn)
Scrolls
 h - a scroll of enchant weapon {unknown}
 k - a scroll of noise {unknown}
Potions
 c - a potion of curing {unknown}
 g - 2 potions of lignification
 i - 4 potions of might
 m - 2 potions of degeneration {unknown}
 p - a potion of brilliance {unknown}
 q - a potion of flight {unknown}


   Skills:
 + Level 2.7 Fighting
 * Level 3.7 Polearms
 - Level 1.7 Throwing
 - Level 2.6 Dodging


You had 2 spell levels left.
You didn't know any spells.
Your spell library was empty.

Dungeon Overview and Level Annotations

Branches:
Dungeon (2/15)

Altars:
Lugonu


Innate Abilities, Weirdness & Mutations

You have a pair of small horns on your head.
You have an unusually large brain. (Int +2)


Message History

The hobgoblin shouts!
The frilled lizard hisses angrily.
Found a falchion.
You closely miss the ball python. Your headbutt misses the ball python.
The ball python bites you. The ball python closely misses you. x2
The ball python grabs you. The ball python constricts you.
You closely miss the ball python. The ball python completely misses you.
The ball python constricts you.
The frilled lizard bites you but does no damage.
You puncture the ball python!
You kill the ball python!
The frilled lizard closely misses you.
You closely miss the hobgoblin.
The frilled lizard bites you but does no damage.
The hobgoblin closely misses you.
You hit the hobgoblin.
The hobgoblin is lightly wounded.
The frilled lizard barely misses you. The hobgoblin hits you.
You closely miss the hobgoblin. Your headbutt misses the hobgoblin.
The hobgoblin is lightly wounded.
The frilled lizard barely misses you. The hobgoblin closely misses you.
You hit the hobgoblin.
The hobgoblin is almost dead.
The frilled lizard bites you. The hobgoblin misses you.
You puncture the hobgoblin!
You kill the hobgoblin!
The frilled lizard bites you but does no damage.
The frilled lizard closely misses you.
You puncture the frilled lizard!
You kill the frilled lizard!
No target in view!
You start resting.
HP restored.
You enter the shallow water.
Moving in this stuff is going to be slow.
There is a faded altar of an unknown god here.
This altar belongs to (a) Hepliaklqana, (b) Lugonu or (c) Nemelex Xobeh, but you can't tell which.
Press the corresponding letter to learn more about a god, or press enter to convert or escape to cancel.
Lugonu accepts your prayer! Lugonu welcomes you!
You can now depart the Abyss.
Are you sure you want to abandon this character and quit the game? (Confirm with "yes".)

## #############
.#########~......~.~~.
.........#.≈~~~.....~~
########.#~~≈≈~~≈~~≈~≈
#...~≈≈≈≈≈≈≈≈≈
##...~≈≈≈~~~~
###.†~~≈~~♣♣
#.)....≈~~.@♣
...###~.≈≈~♣).≈~~...
... #~.~≈≈~~≈~≈~... .#
#.≈≈~≈≈≈≈≈≈~..#
#~~~≈≈≈≈≈~~~..#
#...~~~~~≈..~~#
#.......~~~...#
.##########.###


There were no monsters in sight!

Vanquished Creatures
  An adder (D:2)
  2 dart slugs
  3 ball pythons
  A bat (D:1)
  4 endoplasms
  3 goblins (D:1)
  A hobgoblin (D:2)
  8 jackals (D:1)
  A kobold (D:1)
  4 frilled lizards
  2 rats (D:1)
30 creatures vanquished.

Notes
Turn   | Place    | Note
-------+----------+-------------------------------------------
     0 | D:1      | porpoise the Demonspawn Gladiator began the quest for the
                  | Orb.
     0 | D:1      | Reached XP level 1. HP: 16/16 MP: 1/1
   271 | D:1      | Reached skill level 3 in Polearms
   328 | D:1      | Gained mutation: You have a pair of small horns on your
                  | head. [demonic ancestry]
   328 | D:1      | Reached XP level 2. HP: 21/22 MP: 2/2
   703 | D:1      | Gained mutation: You have an unusually large brain. (Int
                  | +2) [demonic ancestry]
   703 | D:1      | Reached XP level 3. HP: 27/28 MP: 3/3
  1230 | D:2      | Found a faded altar of an unknown god.
  1269 | D:2      | Prayed at the altar of an unknown god.
  1269 | D:2      | Became a worshipper of Lugonu the Unformed
  1269 | D:2      | Reached * piety under Lugonu
  1270 | D:2      | Quit the game

Illustrated notes

Levels and vault maps discovered:
D:1:      dpeg_arrival_ternary, layout_loops_corners, minmay_split_cup_large
D:2:      layout_rooms, chequers_ecumenical_altar_island

Skill      XL: |  1 |
---------------+----+-----
Polearms       | 3 |  3.7
Fighting       | |  2.7
Throwing       | |  1.7
Dodging        | |  2.6

Action                     || total
---------------------------++-------
  Melee: Trident           ||    90
         Headbutt          ||     5
    Use: Scroll            ||     2
 Armour: Leather armour    ||    20
         Ring mail         ||     4
  Dodge: Dodged            ||    51
  Block: Buckler           ||     7
